[Event "Paracin Open 2022"]
[Site "Paracin"]
[Date "2022.07.15"]
[Round "8.2"]
[White "Ohanyan, Emin"]
[Black "Predke, Alexandr"]
[Result "0-1"]
[ECO "D44"]
[WhiteElo "2354"]
[BlackElo "2688"]
[Annotator "ChessBase"]
[PlyCount "82"]
[EventDate "2022.07.08"]
[EventCountry "SRB"]
[SourceTitle "playchess.com"]
[Source "ChessBase"]
[SourceQuality "1"]
[TimeControl "5400+30"]

1. d4 Nf6 2. c4 e6 3. Nf3 d5 4. Nc3 c6 5. Bg5 dxc4 6. e4 b5 7. e5 h6 8. Bh4 g5 9. Nxg5 hxg5 10. Bxg5 Nbd7 11. g3 Bb7 12. Bg2 Qb6 13. exf6 O-O-O 14. O-O c5 15. d5 b4 16. Rb1 Qa6 17. dxe6 Bxg2 18. e7 Bxf1 19. Kxf1 Bxe7 20. fxe7 Rdg8 21. Ne4 Rxg5 22. Nxg5 Re8 23. Qe2 Qg6 24. Ne4 Rxe7 25. Re1 Kd8 26. Qxc4 Qg4 27. Re3 f5 28. f3 Qh3+ 29. Kg1 Qh6 30. f4 Qe6 31. Qb5 fxe4 32. a3 Qd5 33. Qe2 Qd4 34. axb4 cxb4 35. Kg2 Nb6 36. Rb3 Nd5 37. Qa6 Qd2+ 38. Kf1 Qd1+ 39. Kg2 Qxb3 40. Qd6+ Kc8 41. Qc6+ Nc7 0-1

[Event "Paracin Open 2022"]
[Site "Paracin"]
[Date "2022.07.15"]
[Round "8.3"]
[White "Pranav Vijay"]
[Black "Nitish Belurkar"]
[Result "1-0"]
[ECO "C00"]
[WhiteElo "2265"]
[BlackElo "2460"]
[Annotator "ChessBase"]
[PlyCount "75"]
[EventDate "2022.07.08"]
[EventCountry "SRB"]
[SourceTitle "playchess.com"]
[Source "ChessBase"]
[SourceQuality "1"]
[TimeControl "5400+30"]

1. e4 e6 2. d3 d5 3. Nd2 Nf6 4. Ngf3 c5 5. g3 Nc6 6. Bg2 Be7 7. O-O O-O 8. Re1 b5 9. e5 Nd7 10. Nf1 Qc7 11. Bf4 a5 12. h4 Bb7 13. h5 Rfc8 14. N1h2 b4 15. Ng4 Qd8 16. Qd2 Ba6 17. h6 g6 18. Bg5 a4 19. Bxe7 Qxe7 20. c4 bxc3 21. bxc3 Rd8 22. Rab1 a3 23. Bf1 Rab8 24. Qf4 Ra8 25. Rb3 Bc8 26. Reb1 Rf8 27. Rb7 Bxb7 28. Rxb7 Ra7 29. Rxd7 Rxd7 30. Nf6+ Kh8 31. Nxd7 Rd8 32. Nxc5 Kg8 33. Nb3 Rf8 34. Qa4 Nd8 35. d4 f6 36. Nc5 Nf7 37. Nd7 fxe5 38. Nxf8 1-0

[Event "Paracin Open 2022"]
[Site "Paracin"]
[Date "2022.07.15"]
[Round "8.4"]
[White "Suleymenov, Alisher"]
[Black "Han, Yichen"]
[Result "1-0"]
[ECO "D45"]
[WhiteElo "2467"]
[BlackElo "2286"]
[Annotator "ChessBase"]
[PlyCount "101"]
[EventDate "2022.07.08"]
[EventCountry "SRB"]
[SourceTitle "playchess.com"]
[Source "ChessBase"]
[SourceQuality "1"]
[TimeControl "5400+30"]

1. d4 d5 2. c4 c6 3. Nf3 Nf6 4. Nc3 e6 5. e3 Nbd7 6. Be2 Bd6 7. O-O O-O 8. b3 b6 9. Bb2 Bb7 10. Bd3 Re8 11. Re1 h6 12. Rc1 Rc8 13. Rc2 Qe7 14. e4 dxe4 15. Nxe4 Nxe4 16. Bxe4 Bb4 17. Re3 Nf6 18. Bd3 Ng4 19. Ree2 Ba3 20. Bc3 Bb4 21. Ba1 Qf8 22. Qc1 Nf6 23. Qf4 c5 24. d5 exd5 25. Bxf6 dxc4 26. Rxc4 Rxe2 27. Bxe2 gxf6 28. Qg3+ Kh8 29. Rh4 Re8 30. Qf4 Bxf3 31. Qxf3 Bd2 32. g3 Bg5 33. Ra4 Qe7 34. Bd3 Qd7 35. h4 Rd8 36. hxg5 fxg5 37. Qf6+ Kg8 38. Bf1 Qd5 39. Rxa7 Rd6 40. Qe7 Kg7 41. Qe1 Rf6 42. Re7 Qd4 43. Re4 Qd6 44. Re3 h5 45. Rd3 Qc7 46. Rd5 h4 47. Rxg5+ Kf8 48. Qe5 Qd8 49. Rh5 Qd4 50. Qxd4 cxd4 51. Rxh4 1-0

[Event "Paracin Open 2022"]
[Site "Paracin"]
[Date "2022.07.15"]
[Round "8.5"]
[White "Makhnev, Denis"]
[Black "Urazayev, Arystanbek"]
[Result "1/2-1/2"]
[ECO "D45"]
[WhiteElo "2492"]
[BlackElo "2430"]
[Annotator "ChessBase"]
[PlyCount "56"]
[EventDate "2022.07.08"]
[EventCountry "SRB"]
[SourceTitle "playchess.com"]
[Source "ChessBase"]
[SourceQuality "1"]
[TimeControl "5400+30"]

1. d4 Nf6 2. Nf3 e6 3. c4 d5 4. Nc3 c6 5. e3 Nbd7 6. b3 Bb4 7. Bd2 O-O 8. Bd3 dxc4 9. bxc4 e5 10. dxe5 Ng4 11. Qb1 Ndxe5 12. Nxe5 Nxe5 13. Bxh7+ Kh8 14. Qxb4 Kxh7 15. O-O Bf5 16. e4 Qxd2 17. exf5 Rfd8 18. Rab1 a5 19. Qb3 a4 20. Nxa4 Rd3 21. Qb4 Nf3+ 22. gxf3 Qg5+ 23. Kh1 Qf4 24. Rb3 Qxf3+ 25. Kg1 Qg4+ 26. Kh1 Qf3+ 27. Kg1 Qg4+ 28. Kh1 Qf3+ 1/2-1/2

[Event "Paracin Open 2022"]
[Site "Paracin"]
[Date "2022.07.15"]
[Round "8.6"]
[White "Makarian, Rudik"]
[Black "Djordjevic, Vuk"]
[Result "0-1"]
[ECO "E49"]
[WhiteElo "2533"]
[BlackElo "2382"]
[Annotator "ChessBase"]
[PlyCount "62"]
[EventDate "2022.07.08"]
[EventCountry "SRB"]
[SourceTitle "playchess.com"]
[Source "ChessBase"]
[SourceQuality "1"]
[TimeControl "5400+30"]

1. d4 Nf6 2. c4 e6 3. Nc3 Bb4 4. e3 O-O 5. Bd3 d5 6. a3 Bxc3+ 7. bxc3 dxc4 8. Bxc4 c5 9. Ne2 b6 10. O-O Qc7 11. Bd3 Bb7 12. f3 e5 13. e4 cxd4 14. cxd4 exd4 15. Nxd4 Qc3 16. Nf5 Rd8 17. Bg5 Rxd3 18. Qe2 Rd7 19. e5 Nc6 20. Rfe1 Nd4 21. Nxd4 Qxd4+ 22. Kh1 Nd5 23. e6 fxe6 24. Rad1 Qc5 25. Qxe6+ Rf7 26. Re5 h6 27. Bh4 Raf8 28. h3 Nf4 29. Rxc5 Nxe6 30. Re5 Nf4 31. Bg3 Nxg2 0-1

[Event "Paracin Open 2022"]
[Site "Paracin"]
[Date "2022.07.15"]
[Round "8.7"]
[White "Menezes, Christoph"]
[Black "Aditya Mittal"]
[Result "1-0"]
[ECO "D12"]
[WhiteElo "2417"]
[BlackElo "2480"]
[Annotator "ChessBase"]
[PlyCount "65"]
[EventDate "2022.07.08"]
[EventCountry "SRB"]
[SourceTitle "playchess.com"]
[Source "ChessBase"]
[SourceQuality "1"]
[TimeControl "5400+30"]

1. d4 d5 2. c4 c6 3. Nf3 Nf6 4. e3 Bf5 5. Nc3 e6 6. Nh4 Bg6 7. Qb3 Qc7 8. Nxg6 hxg6 9. Bd2 Nbd7 10. cxd5 exd5 11. O-O-O b5 12. Qc2 Bd6 13. Kb1 Kf8 14. f3 Nb6 15. Bd3 Nc4 16. Bc1 Bb4 17. Ne2 Rxh2 18. Nf4 Rxh1 19. Rxh1 Kg8 20. g4 Bd6 21. Qh2 Nh5 22. Qh3 Re8 23. gxh5 g5 24. Ng2 Re6 25. Qf5 Qa5 26. Rd1 Rh6 27. Qxg5 Bf8 28. Nh4 c5 29. Qxd5 Nb6 30. Qg5 c4 31. Nf5 Re6 32. Nxg7 Bxg7 33. Qd8+ 1-0

[Event "Paracin Open 2022"]
[Site "Paracin"]
[Date "2022.07.15"]
[Round "8.8"]
[White "Amartuvshin, Ganzorig"]
[Black "Nogerbek, Kazybek"]
[Result "0-1"]
[ECO "D37"]
[WhiteElo "2409"]
[BlackElo "2437"]
[Annotator "ChessBase"]
[PlyCount "104"]
[EventDate "2022.07.08"]
[EventCountry "SRB"]
[SourceTitle "playchess.com"]
[Source "ChessBase"]
[SourceQuality "1"]
[TimeControl "5400+30"]

1. d4 Nf6 2. c4 e6 3. Nf3 d5 4. Nc3 Be7 5. Bf4 O-O 6. a3 c5 7. dxc5 Bxc5 8. e3 Nc6 9. Qc2 Qa5 10. Nd2 Bb4 11. Rc1 Bxc3 12. Qxc3 Qxc3 13. Rxc3 e5 14. Bg5 d4 15. Rc1 Be6 16. Bxf6 gxf6 17. Nb3 Rfd8 18. e4 Rac8 19. Nc5 Na5 20. Nxe6 fxe6 21. Bd3 b5 22. c5 Nb3 23. Ke2 a6 24. g4 h5 25. Rcg1 Kf7 26. gxh5 Rh8 27. Rg3 Rxh5 28. Rhg1 Rg5 29. Rxg5 fxg5 30. Rxg5 Kf6 31. h4 Nxc5 32. Rg4 Rh8 33. b4 Nd7 34. Kd2 Nf8 35. a4 bxa4 36. Bxa6 Ng6 37. b5 Nxh4 38. b6 Nf3+ 39. Ke2 Ng5 40. b7 Rb8 41. f3 Nf7 42. Rg1 Nd6 43. Ra1 Nxb7 44. Rb1 a3 45. Bxb7 a2 46. Ra1 Rxb7 47. Rxa2 Kg5 48. Ra6 Rb2+ 49. Kd3 Rb3+ 50. Kc4 Rc3+ 51. Kb4 Kf4 52. Rxe6 Rxf3 0-1

[Event "Paracin Open 2022"]
[Site "Paracin"]
[Date "2022.07.15"]
[Round "8.9"]
[White "Srihari L R"]
[Black "Muthaiah AL"]
[Result "0-1"]
[ECO "D11"]
[WhiteElo "2431"]
[BlackElo "2401"]
[Annotator "ChessBase"]
[PlyCount "128"]
[EventDate "2022.07.08"]
[EventCountry "SRB"]
[SourceTitle "playchess.com"]
[Source "ChessBase"]
[SourceQuality "1"]
[TimeControl "5400+30"]

1. d4 d5 2. c4 c6 3. Nf3 Nf6 4. g3 Bf5 5. Nc3 e6 6. Qb3 Qb6 7. c5 Qxb3 8. axb3 Be7 9. Bg2 h6 10. b4 O-O 11. O-O a6 12. b5 cxb5 13. Nxb5 Nc6 14. Nc3 g5 15. h4 g4 16. Ne5 Nxd4 17. Bxh6 Rfc8 18. Bg5 Nb3 19. Rad1 Rc7 20. f3 Bc2 21. Rde1 gxf3 22. Rxf3 Bxc5+ 23. Kh2 Nh7 24. Bf4 Bd6 25. Ref1 Nd2 26. Bxd2 Bxe5 27. Bf4 Bxf4 28. Rxf4 Rd8 29. Rd4 Rdd7 30. Rf2 f5 31. g4 Nf6 32. gxf5 Bxf5 33. Bh3 Bxh3 34. Kxh3 Rf7 35. Rg2+ Rg7 36. Rg5 b5 37. Re5 Kf7 38. e4 Ng4 39. Rh5 Nf2+ 40. Kh2 Rc4 41. Rxc4 dxc4 42. Rc5 Rg4 43. e5 Nd3 44. Rc7+ Kg6 45. Rc6 Kf5 46. Rxa6 Nxe5 47. Ra8 Rxh4+ 48. Kg3 Rg4+ 49. Kh3 b4 50. Rf8+ Kg5 51. Na4 Re4 52. Kg2 Re2+ 53. Kf1 Rc2 54. Ke1 Nd3+ 55. Kd1 b3 56. Rc8 Kf4 57. Rc6 e5 58. Nb6 Nxb2+ 59. Ke1 Nd3+ 60. Kd1 Rc1+ 61. Kd2 b2 62. Nd5+ Kg5 63. Rb6 b1=Q 64. Rxb1 Rxb1 0-1

[Event "Paracin Open 2022"]
[Site "Paracin"]
[Date "2022.07.15"]
[Round "8.10"]
[White "Gan-Erdene, Sugar"]
[Black "Taspinar, Yanki"]
[Result "1-0"]
[ECO "E04"]
[WhiteElo "2428"]
[BlackElo "2311"]
[Annotator "ChessBase"]
[PlyCount "93"]
[EventDate "2022.07.08"]
[EventCountry "SRB"]
[SourceTitle "playchess.com"]
[Source "ChessBase"]
[SourceQuality "1"]
[TimeControl "5400+30"]

1. d4 d5 2. c4 e6 3. Nf3 Nf6 4. g3 dxc4 5. Bg2 Nc6 6. O-O Rb8 7. e3 Bd7 8. Qe2 b5 9. b3 cxb3 10. axb3 Be7 11. Bd2 Ne4 12. Ne5 Nxe5 13. Bxe4 Bc6 14. Bxc6+ Nxc6 15. Rc1 Rb6 16. Ba5 Nxa5 17. Rxa5 Qb8 18. Nc3 a6 19. Ne4 Bb4 20. Ra2 O-O 21. Qc2 h6 22. Qxc7 Qxc7 23. Rxc7 a5 24. Nc5 Ra8 25. Nd7 Rba6 26. Rb7 Rc6 27. Rxb5 Rc1+ 28. Kg2 Rac8 29. Ne5 R8c2 30. Rxc2 Rxc2 31. Rb8+ Kh7 32. Nxf7 Rb2 33. Ne5 Rxb3 34. Nc6 Rb2 35. Nxa5 Bc3 36. Rxb2 Bxb2 37. Kf3 Kg6 38. Ke4 Kf6 39. Nc4 Bc3 40. Ne5 g5 41. Ng4+ Kg6 42. Ke5 h5 43. Nf6 Be1 44. Ne4 h4 45. Kxe6 h3 46. d5 Kh5 47. Kf5 1-0

[Event "Paracin Open 2022"]
[Site "Paracin"]
[Date "2022.07.15"]
[Round "8.11"]
[White "Gundavaa, Bayarsaikhan"]
[Black "Tsaknakis, Zisis"]
[Result "1/2-1/2"]
[ECO "D37"]
[WhiteElo "2503"]
[BlackElo "2266"]
[Annotator "ChessBase"]
[PlyCount "108"]
[EventDate "2022.07.08"]
[EventCountry "SRB"]
[SourceTitle "playchess.com"]
[Source "ChessBase"]
[SourceQuality "1"]
[TimeControl "5400+30"]

1. d4 d5 2. c4 e6 3. Nf3 Nf6 4. Nc3 a6 5. cxd5 exd5 6. Bg5 Be6 7. e3 Nbd7 8. Bd3 Bd6 9. O-O c6 10. h3 Qc7 11. Qd2 O-O 12. Bf4 Rfe8 13. Rab1 g6 14. Bxd6 Qxd6 15. Qc2 Nh5 16. Na4 Ng7 17. b4 Bf5 18. Nc5 Qc7 19. Rfc1 Nb6 20. Nd2 Bxd3 21. Qxd3 Nf5 22. a4 Nd6 23. Re1 Nbc4 24. a5 Nxd2 25. Qxd2 Re7 26. Qd3 Rae8 27. f3 Nf5 28. e4 Qg3 29. Rbd1 f6 30. Qf1 Nd6 31. Rd3 Qf4 32. Red1 dxe4 33. fxe4 Qxf1+ 34. Rxf1 Nxe4 35. Nxe4 Rxe4 36. Rxf6 Rd8 37. d5 Rxb4 38. d6 Rb5 39. Re3 Kg7 40. Rfe6 Kh6 41. Ra3 Rd7 42. Kh2 Rd5 43. Rb3 Rxa5 44. Re7 Rxd6 45. Rbxb7 Rd2 46. Rxh7+ Kg5 47. Rb4 Kf6 48. Rb6 Rc5 49. Rc7 Rd6 50. Rxa6 Rc2 51. Ra4 Rd5 52. Rg4 Rg5 53. Rf7+ Kxf7 54. Rxg5 c5 1/2-1/2

[Event "Paracin Open 2022"]
[Site "Paracin"]
[Date "2022.07.15"]
[Round "8.12"]
[White "Ristic, Luka"]
[Black "Petrov, Nikita"]
[Result "1/2-1/2"]
[ECO "B49"]
[WhiteElo "2243"]
[BlackElo "2558"]
[Annotator "ChessBase"]
[PlyCount "85"]
[EventDate "2022.07.08"]
[EventCountry "SRB"]
[SourceTitle "playchess.com"]
[Source "ChessBase"]
[SourceQuality "1"]
[TimeControl "5400+30"]

1. e4 c5 2. Nf3 Nc6 3. d4 cxd4 4. Nxd4 e6 5. Nc3 Qc7 6. Be3 a6 7. a3 b5 8. Nxc6 Qxc6 9. Be2 Bb7 10. Qd4 h5 11. Bf3 Qc7 12. Rd1 Nf6 13. O-O Be7 14. Qd2 Rd8 15. e5 Ng4 16. Bxb7 Qxb7 17. Bf4 h4 18. h3 Nh6 19. Bg5 d5 20. exd6 Rxd6 21. Qf4 Nf5 22. Bxe7 Qxe7 23. Ne4 Rxd1 24. Rxd1 O-O 25. Qd2 Qc7 26. b4 Qc6 27. Nc5 Rc8 28. Qd7 a5 29. Kf1 axb4 30. axb4 Qxd7 31. Rxd7 Ra8 32. Ke2 Ra1 33. Rd1 Rxd1 34. Kxd1 Kf8 35. Ke2 Ke7 36. Kd3 Kd6 37. c4 Kc6 38. Ne4 f6 39. Nc3 bxc4+ 40. Kxc4 Nd6+ 41. Kd3 e5 42. Ne4 Nc8 43. Nc3 1/2-1/2

[Event "Paracin Open 2022"]
[Site "Paracin"]
[Date "2022.07.15"]
[Round "8.13"]
[White "Kairbekova, Amina"]
[Black "Zanan, Evgeny"]
[Result "1/2-1/2"]
[ECO "B28"]
[WhiteElo "2133"]
[BlackElo "2521"]
[Annotator "ChessBase"]
[PlyCount "226"]
[EventDate "2022.07.08"]
[EventCountry "SRB"]
[SourceTitle "playchess.com"]
[Source "ChessBase"]
[SourceQuality "1"]
[TimeControl "5400+30"]

1. e4 c5 2. Nf3 a6 3. c3 e6 4. d4 d5 5. e5 Nc6 6. Bd3 Nge7 7. O-O cxd4 8. cxd4 Nf5 9. Bxf5 exf5 10. Nc3 Be6 11. Bg5 Qc7 12. Be3 h6 13. Ne1 g5 14. f4 Na5 15. fxg5 Nc4 16. Qa4+ Qc6 17. Qxc6+ bxc6 18. Bc1 c5 19. Nf3 hxg5 20. Bxg5 Nxb2 21. Rab1 Nc4 22. Kh1 Rc8 23. Na4 cxd4 24. Nxd4 Rg8 25. Bf4 Be7 26. Rfd1 Rg6 27. Nb6 Nxb6 28. Rxb6 Bd7 29. e6 fxe6 30. Rxa6 Rc4 31. g3 Ra4 32. Rb6 Bc5 33. Rb8+ Ke7 34. Nf3 Rg7 35. Bg5+ Kd6 36. Bf4+ Ke7 37. Bg5+ Rxg5 38. Nxg5 d4 39. Rb7 Kd8 40. Nf7+ Kc8 41. Rb2 Bc6+ 42. Kg1 d3+ 43. Kf1 Bd4 44. Rb3 Be4 45. Nd6+ Kd7 46. Nb5 Bc5 47. Rbxd3+ Bxd3+ 48. Rxd3+ Kc6 49. Nc3 Ra3 50. Ke2 Bb4 51. Nb1 Rxa2+ 52. Nd2 e5 53. Ke3 e4 54. Nxe4 fxe4 55. Kxe4 Rxh2 56. Kf5 Bd6 57. Ke4 Kd7 58. Kf5 Rf2+ 59. Ke4 Ke6 60. Rf3 Ra2 61. Rd3 Be5 62. g4 Ra4+ 63. Ke3 Rxg4 64. Rd8 Kf5 65. Re8 Rg3+ 66. Ke2 Ke4 67. Re7 Rg2+ 68. Ke1 Ra2 69. Re8 Kd4 70. Kf1 Bf4 71. Re2 Ra3 72. Re8 Be3 73. Kg2 Ra2+ 74. Kg3 Bg5 75. Kg4 Bf6 76. Kf5 Rf2+ 77. Ke6 Be5 78. Rd8+ Ke4 79. Rd1 Bc3 80. Rc1 Kd4 81. Rd1+ Kc4 82. Ke7 Kc5 83. Kd7 Rf6 84. Ke7 Rh6 85. Kd7 Be5 86. Rc1+ Kd5 87. Rd1+ Ke4 88. Re1+ Kf5 89. Rf1+ Bf4 90. Rd1 Ra6 91. Re1 Rd6+ 92. Ke7 Rd3 93. Rf1 Ke5 94. Re1+ Be3 95. Re2 Kf5 96. Kf7 Bf4 97. Rf2 Rd7+ 98. Ke8 Rb7 99. Kf8 Ke5 100. Kg8 Ra7 101. Rf1 Bh6 102. Rf7 Ra8+ 103. Kh7 Ke6 104. Rb7 Be3 105. Kg6 Rg8+ 106. Rg7 Rf8 107. Rb7 Rf1 108. Rb4 Rg1+ 109. Kh5 Kf5 110. Rb5+ Kf6 111. Rb4 Rg8 112. Kh4 Kf5 113. Rb5+ Kf4 1/2-1/2

[Event "Paracin Open 2022"]
[Site "Paracin"]
[Date "2022.07.15"]
[Round "8.14"]
[White "Song, Raymond"]
[Black "Erdogmus, Yagiz Kaan"]
[Result "1-0"]
[ECO "B45"]
[WhiteElo "2499"]
[BlackElo "2373"]
[Annotator "ChessBase"]
[PlyCount "81"]
[EventDate "2022.07.08"]
[EventCountry "SRB"]
[SourceTitle "playchess.com"]
[Source "ChessBase"]
[SourceQuality "1"]
[TimeControl "5400+30"]

1. e4 c5 2. Nf3 e6 3. d4 cxd4 4. Nxd4 Nf6 5. Nc3 Nc6 6. Nxc6 bxc6 7. e5 Nd5 8. Ne4 Bb7 9. Be2 c5 10. O-O Qc7 11. Nd6+ Bxd6 12. exd6 Qc6 13. f3 c4 14. Qd4 O-O 15. Bxc4 Qxd6 16. b3 Rfc8 17. Bb2 Qb6 18. Rf2 Qxd4 19. Bxd4 a5 20. Bb5 Nb4 21. c3 Nc6 22. Bb6 d5 23. a4 h6 24. Rd2 Ne7 25. c4 Bc6 26. Rdd1 dxc4 27. bxc4 Kf8 28. Rac1 g5 29. Kf2 f6 30. Rd6 Kf7 31. Re1 e5 32. c5 Bxb5 33. axb5 Nf5 34. Rd7+ Kg6 35. Bc7 Nd4 36. b6 Rg8 37. b7 Ra7 38. Rxd4 Rxb7 39. Rd8 Rxd8 40. Bxd8 a4 41. Bb6 1-0

[Event "Paracin Open 2022"]
[Site "Paracin"]
[Date "2022.07.15"]
[Round "8.15"]
[White "Kushagra Mohan"]
[Black "Koustav Chatterjee"]
[Result "0-1"]
[ECO "C88"]
[WhiteElo "2359"]
[BlackElo "2485"]
[Annotator "ChessBase"]
[PlyCount "52"]
[EventDate "2022.07.08"]
[EventCountry "SRB"]
[SourceTitle "playchess.com"]
[Source "ChessBase"]
[SourceQuality "1"]
[TimeControl "5400+30"]

1. e4 e5 2. Nf3 Nc6 3. Bb5 a6 4. Ba4 Nf6 5. O-O Be7 6. Re1 b5 7. Bb3 O-O 8. a4 Bb7 9. d3 d6 10. Nbd2 Nd7 11. a5 Nb4 12. Nf1 Nc5 13. Ne3 Nxb3 14. cxb3 Re8 15. Qe2 d5 16. Nxe5 dxe4 17. dxe4 Bd6 18. f4 f6 19. Nd3 Nxd3 20. Qxd3 Rxe4 21. Rd1 Qe8 22. b4 Bxf4 23. Nc2 Bd6 24. Bd2 Qh5 25. h3 Re2 26. Ne3 Re8 0-1

[Event "Paracin Open 2022"]
[Site "Paracin"]
[Date "2022.07.15"]
[Round "8.16"]
[White "Agmanov, Zhandos"]
[Black "Sapenov, Daniyal"]
[Result "1/2-1/2"]
[ECO "C78"]
[WhiteElo "2459"]
[BlackElo "2362"]
[Annotator "ChessBase"]
[PlyCount "35"]
[EventDate "2022.07.08"]
[EventCountry "SRB"]
[SourceTitle "playchess.com"]
[Source "ChessBase"]
[SourceQuality "1"]
[TimeControl "5400+30"]

1. e4 e5 2. Nf3 Nc6 3. Bb5 a6 4. Ba4 Nf6 5. O-O b5 6. Bb3 Bc5 7. a4 Rb8 8. c3 d6 9. d4 Bb6 10. a5 Ba7 11. Be3 exd4 12. cxd4 O-O 13. h3 Nxe4 14. Bd5 Qe8 15. Re1 Nf6 16. Bg5 Nxd5 17. Rxe8 Rxe8 18. Nc3 1/2-1/2

[Event "Paracin Open 2022"]
[Site "Paracin"]
[Date "2022.07.15"]
[Round "8.17"]
[White "Samant Aditya S"]
[Black "Ristic, Nenad"]
[Result "1/2-1/2"]
[ECO "B77"]
[WhiteElo "2431"]
[BlackElo "2293"]
[Annotator "ChessBase"]
[PlyCount "122"]
[EventDate "2022.07.08"]
[EventCountry "SRB"]
[SourceTitle "playchess.com"]
[Source "ChessBase"]
[SourceQuality "1"]
[TimeControl "5400+30"]

1. e4 c5 2. Nf3 d6 3. d4 cxd4 4. Nxd4 Nf6 5. Nc3 g6 6. Be3 Bg7 7. f3 Nc6 8. Qd2 O-O 9. Bc4 Nxd4 10. Bxd4 Be6 11. Bxe6 fxe6 12. O-O-O Qa5 13. Rhe1 Nd7 14. Bxg7 Kxg7 15. e5 d5 16. a3 Rac8 17. Ne2 Qb6 18. Nd4 Nc5 19. Qb4 Qa6 20. Re3 Rc7 21. Qb5 Kf7 22. h4 Ra8 23. h5 Qxb5 24. Nxb5 Rcc8 25. hxg6+ hxg6 26. Rd4 a6 27. Rf4+ Ke8 28. Nd4 Kd7 29. Rg4 Rg8 30. Re1 g5 31. Rh1 Rg6 32. Kd2 Rf8 33. Rh3 Ke8 34. Rhg3 Rfg8 35. b4 Nd7 36. f4 Kf7 37. Nf3 gxf4 38. Rxf4+ Ke8 39. Rxg6 Rxg6 40. g4 Rh6 41. g5 Rh3 42. Ke2 Nf8 43. Rh4 Rxh4 44. Nxh4 Nd7 45. Nf3 Kf7 46. Kd3 Kg6 47. c4 dxc4+ 48. Kxc4 Kf5 49. Kd4 b6 50. a4 Nb8 51. Kc4 Nd7 52. Kd4 Nb8 53. Kc4 Nd7 54. Nd4+ Kxe5 55. g6 Kf6 56. g7 Kxg7 57. Nxe6+ Kf6 58. Nc7 b5+ 59. axb5 Ne5+ 60. Kd5 axb5 61. Nxb5 Nd3 1/2-1/2

[Event "Paracin Open 2022"]
[Site "Paracin"]
[Date "2022.07.15"]
[Round "8.18"]
[White "Ahmad, Khagan"]
[Black "Harshavardhan G B"]
[Result "0-1"]
[ECO "E43"]
[WhiteElo "2081"]
[BlackElo "2397"]
[Annotator "ChessBase"]
[PlyCount "118"]
[EventDate "2022.07.08"]
[EventCountry "SRB"]
[SourceTitle "playchess.com"]
[Source "ChessBase"]
[SourceQuality "1"]
[TimeControl "5400+30"]

1. d4 Nf6 2. c4 e6 3. Nc3 Bb4 4. e3 b6 5. Bd3 Bb7 6. Nge2 Bxg2 7. Rg1 Bf3 8. Qc2 Nc6 9. Bd2 e5 10. d5 Ne7 11. a3 Bxc3 12. Bxc3 d6 13. Rg3 Bh5 14. f4 Ng6 15. fxe5 dxe5 16. e4 Nd7 17. O-O-O Nc5 18. Rf1 Qh4 19. Rf2 Bxe2 20. Qxe2 Nf4 21. Rxf4 Qxf4+ 22. Kc2 O-O 23. Bd2 Qf6 24. Bg5 Qd6 25. h4 f5 26. h5 Rf7 27. Bd2 Raf8 28. Qg2 fxe4 29. Bxe4 Nxe4 30. Qxe4 Qf6 31. h6 g6 32. Rg5 Re8 33. b4 Qf3 34. Rg4 Qxe4+ 35. Rxe4 Rf5 36. Kd3 Kf7 37. c5 b5 38. Re1 g5 39. Ke4 Kg6 40. Be3 Rf4+ 41. Kd3 Rg4 42. Ke2 Rd8 43. Rd1 Rc4 44. Kf3 Kf5 45. c6 Rxc6 46. Bc5 Rxh6 47. Rf1 Rxd5 48. Ke3+ Ke6 49. Rf8 Rh3+ 50. Ke4 Rh4+ 51. Ke3 Rf4 52. Re8+ Kf5 53. Re7 Re4+ 54. Kf2 Rd2+ 55. Kf1 Rc4 56. Ke1 Ra2 57. Kd1 h5 58. Rf7+ Kg6 59. Rf2 Rxf2 0-1

[Event "Paracin Open 2022"]
[Site "Paracin"]
[Date "2022.07.15"]
[Round "8.19"]
[White "Harikrishnan.A.Ra"]
[Black "Baasansuren, Erdene"]
[Result "1-0"]
[ECO "D37"]
[WhiteElo "2396"]
[BlackElo "2243"]
[Annotator "ChessBase"]
[PlyCount "57"]
[EventDate "2022.07.08"]
[EventCountry "SRB"]
[SourceTitle "playchess.com"]
[Source "ChessBase"]
[SourceQuality "1"]
[TimeControl "5400+30"]

1. d4 d5 2. c4 e6 3. Nf3 Nf6 4. Nc3 Be7 5. Bf4 O-O 6. e3 b6 7. Bd3 dxc4 8. Bxc4 Ba6 9. Bxa6 Nxa6 10. a3 c5 11. O-O Qc8 12. Qe2 Qb7 13. Rac1 Rac8 14. Nb5 Rfd8 15. h3 Nd5 16. Bg5 Nf6 17. Bh4 cxd4 18. Nfxd4 Nc5 19. Qf3 Nfe4 20. Bxe7 Qxe7 21. Rfd1 a6 22. Nc3 Nxc3 23. Rxc3 e5 24. Nf5 Qe6 25. Rxd8+ Rxd8 26. b4 Nd7 27. Rc6 Qb3 28. Rd6 Kf8 29. Rxd7 1-0

[Event "Paracin Open 2022"]
[Site "Paracin"]
[Date "2022.07.15"]
[Round "8.20"]
[White "Anuj Shrivatri"]
[Black "Akin, Yagiz Cinar"]
[Result "1-0"]
[ECO "D35"]
[WhiteElo "2383"]
[BlackElo "2125"]
[Annotator "ChessBase"]
[PlyCount "97"]
[EventDate "2022.07.08"]
[EventCountry "SRB"]
[SourceTitle "playchess.com"]
[Source "ChessBase"]
[SourceQuality "1"]
[TimeControl "5400+30"]

1. d4 d5 2. c4 e6 3. Nc3 Nf6 4. cxd5 exd5 5. Bg5 Be7 6. e3 c6 7. Bd3 Nbd7 8. Nf3 h6 9. Bf4 Nh5 10. Be5 Nxe5 11. Nxe5 Nf6 12. O-O O-O 13. a3 c5 14. Kh1 c4 15. Bb1 b5 16. Qc2 g6 17. Nxb5 Bf5 18. Qa4 Bd7 19. Nxd7 Qxd7 20. Nc3 Qb7 21. Ra2 Rab8 22. Qd1 Qd7 23. Qa4 Qc7 24. Bc2 Rb6 25. Bd1 Qb7 26. Bf3 Rxb2 27. Bxd5 Nxd5 28. Rxb2 Qxb2 29. Nxd5 Bxa3 30. Qxc4 Rb8 31. h3 Qb5 32. Qxb5 Rxb5 33. Ra1 Rxd5 34. Rxa3 a5 35. Kg1 Rb5 36. f3 Kf8 37. e4 Ke7 38. Kf2 Kd6 39. Ke3 Kc6 40. Kd3 f5 41. Kc4 fxe4 42. fxe4 Rg5 43. g3 h5 44. d5+ Kd6 45. Kd4 a4 46. Rc3 Kd7 47. e5 Rf5 48. e6+ Kd8 49. d6 1-0

[Event "Paracin Open 2022"]
[Site "Paracin"]
[Date "2022.07.16"]
[Round "9.1"]
[White "Suleymenov, Alisher"]
[Black "Praggnanandhaa R"]
[Result "1/2-1/2"]
[ECO "D45"]
[WhiteElo "2467"]
[BlackElo "2648"]
[Annotator "ChessBase"]
[PlyCount "92"]
[EventDate "2022.07.08"]
[EventCountry "SRB"]
[SourceTitle "playchess.com"]
[Source "ChessBase"]
[SourceQuality "1"]
[TimeControl "5400+30"]

1. d4 Nf6 2. c4 e6 3. Nf3 d5 4. Nc3 c6 5. e3 Nbd7 6. Be2 Bd6 7. O-O O-O 8. b3 Ne4 9. Bb2 f5 10. Rc1 Qe7 11. Bd3 Nxc3 12. Bxc3 b6 13. Qc2 Bb7 14. cxd5 cxd5 15. b4 Rfc8 16. Qb3 Rc7 17. a4 a6 18. Rc2 Rac8 19. Rfc1 Nb8 20. h3 h6 21. b5 a5 22. Bb2 Rxc2 23. Rxc2 Rxc2 24. Qxc2 Nd7 25. Qc1 Kf7 26. Nd2 Qf8 27. Nb1 g6 28. Qc3 Qc8 29. Qb3 Qf8 30. Ba3 Bxa3 31. Nxa3 Ke8 32. Nb1 Kd8 33. Nc3 Qd6 34. Ne2 g5 35. Qc3 Nf6 36. f3 Bc8 37. Nc1 Bd7 38. Bf1 Be8 39. Nd3 Nd7 40. Qc1 Bg6 41. f4 Bh5 42. h4 gxh4 43. Qe1 Qe7 44. Qc1 Qd6 45. Qe1 Qe7 46. Qc1 Qd6 1/2-1/2

[Event "Paracin Open 2022"]
[Site "Paracin"]
[Date "2022.07.16"]
[Round "9.2"]
[White "Predke, Alexandr"]
[Black "Pranav Vijay"]
[Result "1-0"]
[ECO "C55"]
[WhiteElo "2688"]
[BlackElo "2265"]
[Annotator "ChessBase"]
[PlyCount "67"]
[EventDate "2022.07.08"]
[EventCountry "SRB"]
[SourceTitle "playchess.com"]
[Source "ChessBase"]
[SourceQuality "1"]
[TimeControl "5400+30"]

1. e4 e5 2. Nf3 Nc6 3. Bc4 Nf6 4. d3 h6 5. O-O d6 6. a4 g5 7. a5 a6 8. c3 Nh5 9. d4 g4 10. Ne1 Qf6 11. f4 exd4 12. Nc2 dxc3 13. Nxc3 Bg7 14. Ra4 Be6 15. Ne3 Qh4 16. g3 Qh3 17. Bxe6 fxe6 18. Qb3 Kd7 19. e5 d5 20. Ne4 Nxg3 21. Nxg3 Kc8 22. Nxd5 exd5 23. Qxd5 h5 24. Ra3 Bf8 25. Qe6+ Kb8 26. Qe8+ Ka7 27. Be3+ Nd4 28. Bxd4+ c5 29. Qd7 cxd4 30. Qxd4+ Kb8 31. Qd8+ Ka7 32. Qb6+ Kb8 33. Rb3 Ra7 34. Qd8# 1-0